 Dungeon Crawl Stone Soup version 0.28-a0-620-g539b0f7ac7 (webtiles) character file.

Game seed: 12263532628313820409

189 funkygono the Firebug (level 5, -2/28 HPs)
             Began as a Gargoyle Fire Elementalist on Oct 6, 2021.
             Slain by a wyvern (9 damage)
             ... on level 4 of the Dungeon on Oct 7, 2021.
             The game lasted 00:06:39 (3632 turns).

funkygono the Firebug (Gargoyle Fire Elementalist)  Turns: 3632, Time: 00:06:41

Health: -2/28      AC:  6    Str: 12    XL:     5   Next: 68%
Magic:  2/9        EV: 12    Int: 16    God:
Gold:   152        SH:  0    Dex: 10    Spells: 0/10 levels left

rFire   . . .      SeeInvis .   c - +4 flail
rCold   . . .      Faith    .   (no shield)
rNeg    + . .      Spirit   .   a - +0 robe
rPois   ∞          Reflect  .   (no helmet)
rElec   +          Harm     .   (no cloak)
rCorr   .          Rampage  .   (no gloves)
Will    .....                   (no boots)
Stlth   ++........              (no amulet)
HPRegen 0.09/turn               (no ring)
MPRegen 0.11/turn               (no ring)

@: no status effects
A: sickness immunity, AC +4, negative energy resistance 1, electricity
resistance, torment resistance 1, petrification resistance
a: no special abilities


You were on level 4 of the Dungeon.
You visited 1 branch of the dungeon, and saw 4 of its levels.

You collected 152 gold pieces.

Inventory:

Hand Weapons
 c - a +4 flail (weapon)
 d - a +0 club
 h - a +0 whip
 j - a +0 mace
Missiles
 b - 61 stones
Armour
 a - a +0 robe (worn)
Magical Staves
 l - a staff of conjuration
Wands
 o - a wand of charming (7)
Scrolls
 i - a scroll of teleportation
 m - a scroll of blinking
Potions
 f - a potion of resistance
 g - a potion of cancellation {unknown}


   Skills:
 + Level 1.9 Dodging
 - Level 2.1 Stealth
 * Level 3.3 Spellcasting
 * Level 2.8 Conjurations
 * Level 4.5 Fire Magic


You couldn't memorise any spells.
You knew the following spells:

 Your Spells              Type           Power      Damage    Failure   Level
a - Foxfire               Conj/Fire      56%        2x1d6     4%          1
b - Scorch                Fire           34%        2d6       4%          2
c - Conjure Flame         Conj/Fire      14%        6-21      12%         3
d - Flame Wave            Conj/Fire      14%        3d5       36%         4

Your spell library contained the following spells:

 Spells                   Type           Power      Damage    Failure   Level
 Inner Flame              Hex/Fire       9%         N/A       22%         3


Dungeon Overview and Level Annotations

Branches:
Dungeon (4/15)
 Temple: D:4-7

Altars:
Uskayaw


Innate Abilities, Weirdness & Mutations

You are immune to sickness and miasma.
Your stone body is resilient. (AC +4)
You are immune to poison.
You resist negative energy. (rN+)
You are resistant to electric shocks. (rElec)
You are resistant to unholy torment.
You are immune to petrification.


Message History

The wyvern hisses menacingly.
Casting: Foxfire (safe; 4% risk of failure)
Confirm with . or Enter, or press ? or * to list all spells.
You conjure some foxfire!
The foxfire hits the adder.
The adder is severely wounded.
The foxfire hits the adder.
You kill the adder!
Unknown command.
Casting: Foxfire (safe; 4% risk of failure)
Confirm with . or Enter, or press ? or * to list all spells.
You conjure some foxfire!
The foxfire hits the wyvern.
The wyvern is lightly wounded.
The foxfire hits the wyvern but does no damage.
The wyvern is lightly wounded.
Unknown command.
Casting: Foxfire (safe; 4% risk of failure)
Confirm with . or Enter, or press ? or * to list all spells.
You conjure some foxfire!
The foxfire hits the wyvern.
The wyvern is lightly wounded.
The foxfire hits the wyvern but does no damage.
The wyvern is lightly wounded.
The foxfire hits the wyvern but does no damage.
The wyvern is lightly wounded.
The foxfire hits the wyvern but does no damage.
The wyvern is lightly wounded.
Casting: Foxfire (safe; 4% risk of failure)
Confirm with . or Enter, or press ? or * to list all spells.
Okay, then.
You hit the wyvern.
The wyvern is moderately wounded.
The foxfire hits the wyvern.
The wyvern is heavily wounded.
The wyvern bites you!
You barely miss the wyvern.
The wyvern is heavily wounded.
The wyvern bites you!
* * * LOW HITPOINT WARNING * * *
The wyvern hisses menacingly.
The wyvern bites you!
You die...

# .## ### ...#
#.###.... .........
##....†...
#......... #.@l.#
##...# #..###
##...## #.#!..##
##.#....#
######.......##..
##.................
#..................


You could see a wyvern.

Vanquished Creatures
  Ijyb (D:3)
  4 gnolls
  5 adders
  An adder skeleton (D:4)
  2 worms
  A dart slug (D:2)
  5 orcs
  6 ball pythons
  9 endoplasms
  3 giant cockroaches
  4 hobgoblins
  3 bats
  3 frilled lizards
  4 goblins
  7 kobolds
  10 rats
68 creatures vanquished.

Vanquished Creatures (others)
  213 foxfires
213 creatures vanquished.

Grand Total: 281 creatures vanquished

Notes
Turn   | Place    | Note
-------+----------+-------------------------------------------
     0 | D:1      | funkygono the Gargoyle Fire Elementalist began the quest
                  | for the Orb.
     0 | D:1      | Reached XP level 1. HP: 10/10 MP: 3/3
   439 | D:1      | Reached XP level 2. HP: 15/15 MP: 3/5
   465 | D:1      | Learned a level 2 spell: Scorch
  1389 | D:2      | Reached XP level 3. HP: 19/19 MP: 3/6
  1393 | D:2      | Learned a level 3 spell: Conjure Flame
  2065 | D:3      | Reached XP level 4. HP: 7/24 MP: 0/8
  2295 | D:3      | Reached skill level 4 in Fire Magic
  2983 | D:3      | Noticed Ijyb
  2989 | D:3      | Killed Ijyb
  2990 | D:3      | Reached XP level 5. HP: 28/28 MP: 1/9
  3066 | D:3      | Found a hide-covered altar of Uskayaw.
  3173 | D:3      | Learned a level 4 spell: Flame Wave
  3623 | D:4      | Noticed a wyvern
  3632 | D:4      | Slain by a wyvern

Illustrated notes

Levels and vault maps discovered:
D:1:      sevenhm_arrival_forest_fort_small_4, layout_loops_ring, serial_forest,
          infiniplex_forest_lined_2, infiniplex_forest_end_2,
          infiniplex_forest_clump_curved, infiniplex_forest_lined_2,
          infiniplex_forest_clump_double, infiniplex_forest_lined_room_,
          infiniplex_forest_lined_2, infiniplex_forest_straight_2,
          infiniplex_forest_straight_2
D:2:      layout_loops_ring
D:3:      layout_rooms, lemuel_round_altar, uniq_ijyb
D:4:      layout_cave_pools, gup_sewer_entry_glass, minivault_24

Skill      XL: |  1  2  3  4 |
---------------+-------------+-----
Fire Magic     | 4 |  4.5
Conjurations   | 2 |  2.8
Spellcasting   | 3 |  3.3
Dodging        | |  1.9
Stealth        | |  2.1

Action                   |  1- 3 |  4- 6 || total
-------------------------+-------+-------++-------
Melee: Unarmed           |     3 |       ||     3
       Club              |    23 |       ||    23
       Whip              |       |     9 ||     9
       Flail             |       |     7 ||     7
 Cast: Foxfire           |    61 |    64 ||   125
       Scorch            |     1 |     7 ||     8
  Use: Scroll            |     1 |     5 ||     6
Armor: Robe              |     7 |     3 ||    10
Dodge: Dodged            |    25 |    22 ||    47

Table legend: (Time is in decaauts)
 A = Elapsed time spent in this place.
 B = Non-inter-level travel time spent in this place.
 C = Inter-level travel time spent in this place.
 D = Time resting spent in this place.
 E = Time spent auto-exploring this place.
 F = Levels seen in this place.
 G = Mean time per level.
                   A        B        C        D        E       F      G
               +--------+--------+--------+--------+--------+-----+--------+
         Total |   3647 |   3591 |     56 |    609 |   2452 |   4 |  911.8 |
       Dungeon |   3647 |   3591 |     56 |    609 |   2452 |   4 |  911.8 |
               +--------+--------+--------+--------+--------+-----+--------+

Top non-repeatable levels by time:
     D:3: 1422 daAuts
     D:1: 1200 daAuts
     D:2: 825 daAuts
     D:4: 199 daAuts
